 Dungeon Crawl Stone Soup version 0.29-a0-90-gc37658a0fe (webtiles) character file.

Game seed: 15987789629890835120

58 siradein the Firebug (level 3, 0/26 HPs)
             Began as a Draconian Fire Elementalist on Feb 7, 2022.
             Shot with an arrow by a centaur (12 damage)
             ... on level 3 of the Dungeon.
             The game lasted 00:08:51 (2364 turns).

siradein the Firebug (Draconian Fire Elementalist)  Turns: 2364, Time: 00:08:52

Health: 0/26       AC:  7    Str: 10    XL:     3   Next: 75%
Magic:  6/6        EV: 11    Int: 17    God:
Gold:   89         SH:  3    Dex: 11    Spells: 1/7 levels left

rFire   + . .      SeeInvis .   m - +1 war axe (vorpal)
rCold   . . .      Faith    .   h - +0 buckler
rNeg    . . .      Spirit   .   (armour unavailable)
rPois   .          Reflect  .   b - +2 hat
rElec   .          Harm     .   (no cloak)
rCorr   .          Rampage  .   (no gloves)
Will    .....                   (no boots)
Stlth   ++........              (no amulet)
HPRegen 0.08/turn               l - ring of protection from fire
MPRegen 0.10/turn               (no ring)

@: no status effects
A: AC +5, unfitting armour, cold-blooded
a: no special abilities


You were on level 3 of the Dungeon.
You visited 1 branch of the dungeon, and saw 3 of its levels.

You collected 89 gold pieces.

Inventory:

Hand Weapons
 m - a +1 vorpal war axe (weapon)
Armour
 b - a +2 hat (worn)
 h - a +0 buckler (worn)
Jewellery
 c - an amulet of faith
 l - a ring of protection from fire (left hand)
Scrolls
 d - 2 scrolls of identify {unknown}
 e - a scroll of enchant armour {unknown}
 k - a scroll of vulnerability {unknown}
 n - a scroll of blinking {unknown}
 o - a scroll of fear {unknown}
Potions
 a - a potion of degeneration {unknown}
 f - a potion of haste {unknown}
 g - a potion of cancellation {unknown}
 i - a potion of mutation {unknown}
 j - 2 potions of invisibility {unknown}


   Skills:
 + Level 2.3 Dodging
 - Level 1.7 Stealth
 + Level 2.5 Spellcasting
 + Level 2.0 Conjurations
 + Level 3.5 Fire Magic


You had one spell level left.
You knew the following spells:

 Your Spells              Type           Power      Damage    Failure   Level
a - Foxfire               Conj/Fire      44%        2x1d6     8%          1
b - Scorch                Fire           28%        2d6       9%          2
c - Inner Flame           Hex/Fire       8%         N/A       36%         3

Your spell library contained the following spells:

 Spells                   Type           Power      Damage    Failure   Level
 Conjure Flame            Conj/Fire      11%        6-21      24%         3
 Flame Wave               Conj/Fire      11%        2d5       61%         4


Dungeon Overview and Level Annotations

Branches:
Dungeon (3/15)

Altars:

Annotations:
D:2 Sigmund


Innate Abilities, Weirdness & Mutations

Your plain brown scales are hard. (AC +5)
You cannot fit into any form of body armour.
You are cold-blooded and may be slowed by cold attacks.


Message History

You conjure some foxfire!
The foxfire hits the dart slug.
The dart slug is heavily wounded.
The foxfire hits the dart slug.
The dart slug is almost dead.
You miscast Foxfire.
You are very lightly contaminated with residual magic.
Nothing appears to happen.
The dart slug launches a dart at you. The slug dart hits you.
You miscast Foxfire.
Nothing appears to happen.
The dart slug launches a dart at you. The slug dart misses you.
You conjure some foxfire!
The foxfire hits the dart slug.
You kill the dart slug!
Your magical contamination has completely faded away.
A goblin comes into view. It is wielding a +0 dagger.
You conjure some foxfire!
The goblin shouts!
The foxfire hits the goblin.
You kill the goblin!
A giant cockroach comes into view.
A centaur comes into view.
Your Conjurations skill increases to level 2!
The centaur shouts!
The foxfire hits the giant cockroach.
The giant cockroach is heavily wounded.
The centaur wields a +0 shortbow.
The centaur shoots an arrow.
The arrow misses you.
The centaur shoots an arrow.
The arrow hits you.
The centaur shoots an arrow.
The arrow closely misses you.
The centaur shoots an arrow.
The arrow closely misses you.
The centaur shoots an arrow.
The arrow hits you.
A centaur is nearby!
The centaur shoots an arrow.
You block the arrow.
The giant cockroach bites you but does no damage.
You hit the giant cockroach.
You kill the giant cockroach!
The centaur shoots an arrow.
The arrow hits you.
The centaur shoots an arrow.
The arrow hits you!
You die...

.### ###c#§. .######
...#)## ....... ......
####### #.##.### #
#.##...# # #.####.# # ##
#...##.# .. .######
#...##.##.# ......####
#.#c.@....##
#####....###.###......# #
#....##≈.§#....##....
..###.>...##.##..........
#........###.##.###...#..
####.....##≈.≈## ##.# #
###....##.## ...
####.##.## .. #.#≈.≈#


You could see a centaur.

Vanquished Creatures
  An adder (D:3)
  A worm (D:2)
  A dart slug (D:3)
  5 bats
  5 endoplasms
  2 giant cockroaches (D:3)
  3 hobgoblins
  9 kobolds
  6 ball pythons
  4 frilled lizards
  5 goblins
  2 rats
44 creatures vanquished.

Vanquished Creatures (others)
  104 foxfires
104 creatures vanquished.

Grand Total: 148 creatures vanquished

Notes
Turn   | Place    | Note
-------+----------+-------------------------------------------
     0 | D:1      | siradein the Draconian Fire Elementalist began the quest
                  | for the Orb.
     0 | D:1      | Reached XP level 1. HP: 14/14 MP: 3/3
   313 | D:1      | Reached XP level 2. HP: 20/20 MP: 1/5
   357 | D:1      | Learned a level 2 spell: Scorch
   519 | D:1      | Found a faded altar of an unknown god.
  1656 | D:2      | Reached XP level 3. HP: 26/26 MP: 4/6
  1991 | D:2      | Noticed Sigmund
  2002 | D:2      | Learned a level 3 spell: Inner Flame
  2354 | D:3      | Noticed a centaur
  2364 | D:3      | Shot with an arrow by a centaur

Illustrated notes

Levels and vault maps discovered:
D:1:      dpeg_arrival_court, layout_basic, ebering_ecumenical_altar_ruins,
          serial_curves, eino_curves_03, eino_curves_03
D:2:      layout_basic, minmay_door_square, uniq_sigmund
D:3:      layout_rooms, mainiacjoe_overflow_paths,
          amcnicky_mini_corridor_feature, minmay_tree_intersection

Skill      XL: |  1  2  3 |
---------------+----------+-----
Dodging        | 2 |  2.3
Conjurations   | 2 |  2.0
Stealth        | |  1.7
Spellcasting   | |  2.5
Fire Magic     | |  3.5

Action                   || total
-------------------------++-------
Melee: Unarmed           ||     1
       War axe           ||     3
 Cast: Foxfire           ||    65
       Scorch            ||     2
Armor: Skin              ||     9
Dodge: Dodged            ||    19
Block: Buckler           ||     3

Table legend: (Time is in decaauts)
 A = Elapsed time spent in this place.
 B = Non-inter-level travel time spent in this place.
 C = Inter-level travel time spent in this place.
 D = Time resting spent in this place.
 E = Time spent auto-exploring this place.
 F = Levels seen in this place.
 G = Mean time per level.
                   A        B        C        D        E       F      G
               +--------+--------+--------+--------+--------+-----+--------+
         Total |   2363 |   2345 |     18 |      0 |   1851 |   3 |  787.7 |
       Dungeon |   2363 |   2345 |     18 |      0 |   1851 |   3 |  787.7 |
               +--------+--------+--------+--------+--------+-----+--------+

Top non-repeatable levels by time:
     D:1: 1092 daAuts
     D:2: 985 daAuts
     D:3: 285 daAuts
